 Dungeon Crawl Stone Soup version 0.22-a0-422-g9628fc87f1 (webtiles) character file.

33 Kriby the Ducker (level 3, 0/18 HPs)
             Began as a Spriggan Gladiator on May 19, 2018.
             Slain by a worm (8 damage)
             ... on level 2 of the Dungeon.
             The game lasted 00:01:40 (2420 turns).

Kriby the Ducker (Spriggan Gladiator)               Turns: 2420, Time: 00:01:40

Health: 0/18       AC:  2    Str: 11    XL:     3   Next: 12%
Magic:  4/4        EV: 21    Int:  9    God:
Gold:   23         SH:  0    Dex: 17    Spells: 2/2 levels left

rFire    . . .     SeeInvis +   a - +0 quarterstaff
rCold    . . .     Gourm    .   (shield currently unavailable)
rNeg     . . .     Faith    .   b - +0 robe
rPois    .         Spirit   .   c - +0 hat
rElec    .         Reflect  .   (no cloak)
rCorr    .         Harm     .   (gloves unavailable)
MR       .....                  (boots unavailable)
Stlth    ++........             (no amulet)
HPRegen  0.06/turn              (no ring)
MPRegen  0.09/turn              (no ring)

@: very quick
A: very small, unfitting armour, see invisible, herbivore, speed 3, slow
metabolism 2
a: no special abilities


You were on level 2 of the Dungeon.
You were not hungry.

You visited 1 branch of the dungeon, and saw 2 of its levels.

You collected 23 gold pieces.

Inventory:

Hand Weapons
 a - a +0 quarterstaff (weapon)
Missiles
 d - 2 throwing nets (quivered)
Armour
 b - a +0 robe (worn)
 c - a +0 hat (worn)
Scrolls
 g - a scroll of enchant armour {unknown}
 h - a scroll of remove curse {unknown}
 i - a scroll of blinking {unknown}
 o - 3 scrolls of identify {unknown}
 q - a scroll of magic mapping {unknown}
 t - a scroll of teleportation {unknown}
Potions
 e - a potion of flight {unknown}
 j - a potion of cancellation {unknown}
 k - 2 potions of ambrosia {unknown}
 l - 2 potions of heal wounds {unknown}
 m - 4 potions of curing {unknown}
 n - a potion of might {unknown}
 p - a potion of resistance {unknown}
 r - a potion of brilliance {unknown}
 s - 2 potions of invisibility {unknown}
Comestibles
 f - 9 rations {@e1}


   Skills:
 + Level 2.0 Fighting
 + Level 2.4 Staves
 - Level 2.0 Throwing
 * Level 5.4 Dodging


You had 2 spell levels left.
You didn't know any spells.
Your spell library was empty.

Dungeon Overview and Level Annotations

Branches:
Dungeon (2/15)

Altars:


Innate Abilities, Weirdness & Mutations

You are very small and have problems with some larger weapons.
You are too small for most types of armour.
You have supernaturally acute eyesight. (SInv)
You are a herbivore.
You cover ground extremely quickly.
You need to consume almost no food.


Message History

You hit the quokka.
You kill the quokka!
You see here a quokka corpse.
f - 9 rations {@e1} (gained 1)
Found a stone staircase leading up.
No target in view!
The worm is too close now for your liking.
A worm is nearby!
You hit the worm but do no damage. The worm misses you.
You hit the worm but do no damage. The worm barely misses you.
You hit the worm but do no damage. You barely miss the worm.
The worm completely misses you.
You barely miss the worm. The worm bites you!
Ouch! That really hurt!
You sock the worm!
The worm is heavily wounded.
You barely miss the worm.
The worm is heavily wounded.
The worm bites you!
You die...

.# #.# #.# #.# #.# #.##
### #(###.#.##
..###########.##.###.####
..............#.........#
..##########...........<#
### ###)..............#
####.........@.......#
#......##.#.w......#.#
#.##.###.....##.##.#.#
#....###.....##.# .#.#
####.....##........# ##
..........#..#..####
................#
.##(......#.#.#.#
.###(...w##...#...


You could see a worm.

Vanquished Creatures
  2 worms (D:2)
  A leopard gecko (D:2)
  An orc (D:2)
  A giant cockroach (D:2)
  2 goblins
  3 hobgoblins
  7 kobolds
  A quokka (D:2)
  3 bats
  A frilled lizard (D:1)
  3 rats
25 creatures vanquished.

Notes
Turn   | Place    | Note
-------+----------+-------------------------------------------
     0 | D:1      | Kriby the Spriggan Gladiator began the quest for the Orb.
     0 | D:1      | Reached XP level 1. HP: 10/10 MP: 2/2
   902 | D:1      | Reached XP level 2. HP: 4/15 MP: 3/3
  1179 | D:2      | Reached skill level 5 in Dodging
  2100 | D:2      | Reached XP level 3. HP: 17/18 MP: 4/4
  2420 | D:2      | Slain by a worm

Vault maps used:
D:1:      dpeg_arrival_shelter

Skill      XL: |  1  2 |
---------------+-------+-----
Dodging        | 5 |  5.4
Fighting       | 2 |  2.0
Staves         | |  2.4
Throwing       | |  2.0

Action                   || total
-------------------------++-------
Melee: Quarterstaff      ||    86
Throw: Throwing net      ||     3
 Stab: Sleeping          ||     1
Armor: Robe              ||     5
Dodge: Dodged            ||    85

Table legend:
 A = Spawn XP
 B = Non-spawn XP
 C = Spawn XP percentage of total XP
 D = Spawn monster count
 E = Non-spawn monster count
 F = Spawn count percentage of total count
 G = Total turns spent on level
                    A         B        C        D         E        F      G
               +---------+---------+-------+---------+---------+-------+---------
         Total |       0 |      48 |   0.0 |       0 |      25 |   0.0 |  2420
               +---------+---------+-------+---------+---------+-------+---------
           D:1 |       0 |      13 |   0.0 |       0 |       9 |   0.0 |  1603
           D:2 |       0 |      35 |   0.0 |       0 |      16 |   0.0 |   817
               +---------+---------+-------+---------+---------+-------+---------
